 Dungeon Crawl Stone Soup version 0.20-a0-945-g3bf614a (webtiles) character file.

108 Minion the Chiller (level 4, 15/49 HPs)
             Began as a Draconian Ice Elementalist on Apr 1, 2017.
             Quit the game on level 1 of the Dungeon on Apr 2, 2017.
             The game lasted 00:10:49 (2825 turns).

Minion the Chiller (Draconian Ice Elementalist)     Turns: 2825, Time: 00:10:49

Health: 15/49      AC: 22    Str: 10    XL:     4   Next: 58%
Magic:  5/9        EV:  2    Int: 17    God:
Gold:   71         SH:  0    Dex: 11    Spells: 6/9 levels left

rFire    . . .     SeeInvis .   (no weapon)
rCold    . . .     Gourm    .   (no shield)
rNeg     + + +     Faith    .   (armour unavailable)
rPois    +         Spirit   .   (helmet currently unavailable)
rElec    .         Reflect  .   (cloak currently unavailable)
rCorr    .         Harm     .   (gloves currently unavailable)
MR       .....     NoTele   +   (boots currently unavailable)
Stlth    ++........             (no amulet)
Regen    0.2/turn               (no ring)
MPRegen  0.2/turn               (no ring)

@: lethally poisoned (15 -> -2), tree-form
A: unfitting armour, (cold-blooded), AC +5
a: no special abilities


You were on level 1 of the Dungeon.
You were not hungry.
You were a tree.
You visited 1 branch of the dungeon, and saw 2 of its levels.

You collected 71 gold pieces.

Inventory:

Scrolls
 c - a scroll of remove curse {unknown}
 e - 3 scrolls of identify {unknown}
 f - a scroll of recharging {unknown}
 g - 2 scrolls of random uselessness {unknown}
 i - 2 scrolls of teleportation {unknown}
 j - 2 scrolls of magic mapping {unknown}
 k - a scroll of amnesia {unknown}
 m - a scroll of enchant armour {unknown}
Books
 a - a book of Frost

   Spells                             Type                      Level
   a - Freeze                         Ice                          1
   b - Throw Frost                    Conjuration/Ice              2
   c - Ozocubu's Armour               Charms/Ice                   3
   d - Throw Icicle                   Conjuration/Ice              4
   e - Summon Ice Beast               Ice/Summoning                4
Comestibles
 b - 2 bread rations
 d - 2 fruits
 h - a meat ration
 l - 4 chunks of flesh


   Skills:
 - Level 1.8 Dodging
 - Level 1.7 Stealth
 + Level 3.3 Spellcasting
 - Level 1.0 Conjurations
 + Level 4.4 Ice Magic


You had 6 spell levels left.
You knew the following spells:

 Your Spells              Type           Power        Failure   Level  Hunger
a - Freeze                Ice            ###.         2%          1    None
b - Throw Frost           Conj/Ice       ##....       10%         2    ##.....


Dungeon Overview and Level Annotations

Branches:
Dungeon (2/15)

Altars:

Annotations:
D:2 Terence


Innate Abilities, Weirdness & Mutations

((Your plain brown scales are hard. (AC +5)))
You cannot fit into any form of body armour.
((You are cold-blooded and may be slowed by cold attacks.))


Message History

You feel sick. Terence looks scornfully at you.
Terence hits you from afar with a trident of venom.
You are lethally poisoned!
You climb upwards.
You feel very sick.
There is a stone staircase leading down here.
There is a lethal amount of poison in your body!
There is a lethal amount of poison in your body!
It was a potion of lignification.
You turn into a tree.
Your roots penetrate the ground.
You feel sick.
There is a lethal amount of poison in your body!
There is a lethal amount of poison in your body!
There is a lethal amount of poison in your body!
You swing at nothing.
You feel sick.
Unknown command.
Saving game... please wait.
Welcome back, Minion the Draconian Ice Elementalist.
Press ? for a list of commands and other information.
Are you sure you want to abandon this character and quit the game? (Confirm with "yes".)

#(###..###.....#.....##.##.....#
#...#..# ##.#..########.##..####
.##.)..# #..#.#######........#
..(..#.###.#..##........#....#
..##.#.>..)..##..###..##.....#
..##.#(...####...........#####
...#.#..#............#####
.#.#......####.....###
.#.........(....♣..#
##.................#
..........#........#
............##..>..# ###########
.#..........######## ##.....##...
.#.............#######...........
............##...................
...#........########.............
##.#####....########.............


There were no monsters in sight!

Vanquished Creatures
  Jessica (D:2)
  3 adders (D:2)
  2 worms
  2 dart slugs
  A leopard gecko (D:1)
  4 bats
  A giant cockroach (D:1)
  7 goblins
  8 hobgoblins
  A quokka (D:2)
  2 ball pythons
  A frilled lizard (D:1)
  7 kobolds
  4 rats
44 creatures vanquished.

Notes
Turn   | Place    | Note
-------+----------+-------------------------------------------
     0 | D:1      | Minion the Draconian Ice Elementalist began the quest for the Orb.
     0 | D:1      | Reached XP level 1. HP: 14/14 MP: 3/3
   312 | D:1      | Reached XP level 2. HP: 14/20 MP: 0/5
  1016 | D:2      | Noticed Terence
  1141 | D:2      | Reached XP level 3. HP: 26/26 MP: 2/6
  1221 | D:2      | Learned a level 2 spell: Throw Frost
  1594 | D:2      | Reached skill level 4 in Ice Magic
  1802 | D:2      | Noticed Jessica
  1862 | D:2      | Killed Jessica
  1862 | D:2      | Reached XP level 4. HP: 14/33 MP: 2/8
  2825 | D:1      | Upgraded the game from 0.20-a0-942-ga5226df to 0.20-a0-945-g3bf614a
  2825 | D:1      | Quit the game

Vault maps used:
D:1:      evilmike_arrival_run_for_it
D:2:      minmay_misc_feat_enclosed, uniq_jessica, uniq_terence

Skill      XL: |  1  2  3 |
---------------+----------+-----
Ice Magic      | 4 |  4.4
Spellcasting   | 3 |  3.3
Dodging        | |  1.8
Stealth        | |  1.7
Conjurations   | |  1.0

Action                   |  1- 3 |  4- 6 || total
-------------------------+-------+-------++-------
Melee: Unarmed           |    61 |    19 ||    80
       Tailslap          |     8 |     3 ||    11
 Cast: Freeze            |    48 |    11 ||    59
       Throw Frost       |     3 |     4 ||     7
  Use: Potion            |       |     1 ||     1
 Stab: Sleeping          |       |     2 ||     2
  Eat: Chunk             |     4 |     3 ||     7
Armor: Skin              |    30 |     3 ||    33
Dodge: Dodged            |    86 |    13 ||    99
